 Dungeon Sprint DCSS version 0.27-a0-1281-ge233d83751 (webtiles) character file.

Game seed: 1326254280245666840

73601 mhtbhm the Minotaur Porcupine (level 15, -21/174 HPs)
             Began as a Minotaur Berserker on June 13, 2021.
             Was the Champion of Trog.
             Killed from afar by an ironbound thunderhulk (27 damage)
             ... with a bolt of lightning
             ... in the Dungeon (Sprint IX: "|||||||||||||||||||||||||||||").
             The game lasted 00:08:39 (5295 turns).

mhtbhm the Minotaur Porcupine (Minotaur Berserker)  Turns: 5295, Time: 00:08:40

Health: -21/174    AC: 26    Str: 28    XL:     15   Next: 4%
Magic:  14/14      EV: 19    Int:  7    God:    Trog [******]
Gold:   826        SH:  0    Dex: 10    Spells: 14/14 levels left

rFire    . . .     SeeInvis .   a - +8 glaive of the Guard {elec, spectral, AC+5}
rCold    . . .     Faith    .   (shield currently unavailable)
rNeg     . . .     Spirit   .   b - +0 swamp dragon scales
rPois    +         Reflect  .   t - +1 hat
rElec    .         Harm     .   r - +0 cloak
rCorr    .         Rampage  .   B - +1 pair of gloves
Will     +++..     NoTele   +   l - +0 pair of boots
Stlth    ..........             (no amulet)
HPRegen  1.39/turn              m - +3 ring of intelligence
MPRegen  0.14/turn              n - +2 ring of evasion

@: strong-willed, on berserk cooldown, regenerating, slowed, very slow
A: horns 2, retaliatory headbutt
a: Renounce Religion, Berserk, Trog's Hand, Brothers in Arms


You were in the Dungeon.
You worshipped Trog.
Trog was exalted by your worship.
You visited 1 branch You collected 1941 gold pieces.
You spent 1115 gold pieces at shops.

Inventory:

Hand Weapons
 a - the +8 glaive of the Guard (weapon) {elec, spectral, AC+5}
   (Trog gifted it to you in the Dungeon)

   Occasionally, upon striking a foe, it can discharge electrical energy and
   cause terrible harm.
   When it strikes, its spirit leaps out and fights alongside the wielder.
   It affects your AC (+5).
 s - a +5 bardiche of flaming
 E - a +2 demon trident of electrocution
 F - a +5 vorpal bardiche
Missiles
 G - 3 curare-tipped darts
Armour
 b - +0 swamp dragon scales (worn)
 k - a +0 pair of gloves
 l - a +0 pair of boots (worn)
 r - a +0 cloak (worn)
 t - a +1 hat (worn)
 B - a +1 pair of gloves (worn)
Jewellery
 m - a +3 ring of intelligence (left hand)
 n - a +2 ring of evasion (right hand)
 x - a ring of protection from cold
 y - a ring of ice
 z - a ring of protection from cold
 A - a ring of see invisible
Wands
 j - a wand of iceblast (10)
Scrolls
 h - 2 scrolls of blinking
 p - 10 scrolls of identify
 q - 3 scrolls of enchant weapon
 u - 5 scrolls of fear
 v - a scroll of summoning
 w - 2 scrolls of brand weapon
 D - 2 scrolls of fog
Potions
 c - 8 potions of curing
 d - 4 potions of heal wounds
 e - 2 potions of haste
 f - 4 potions of magic
 g - 3 potions of berserk rage
 i - a potion of invisibility
 o - a potion of mutation
 C - a potion of resistance


   Skills:
 O Level 27 Fighting
 - Level 9.6 Maces & Flails
 O Level 27 Polearms
 + Level 21.0 Armour
 + Level 16.1 Dodging


You had 14 spell levels left.
You didn't know any spells.
Your spell library was empty.

Dungeon Overview and Level Annotations

Branches:
Dungeon (1/1)

Altars:
Cheibriados
Dithmenos
Elyvilon
Fedhas
Gozag
Hepliaklqana
Kikubaaqudgha
Makhleb
Nemelex Xobeh
Okawaru
Qazlal
Ru
Sif Muna
Trog
Uskayaw
Vehumet
Wu Jian
Xom
Yredelemnul
Zin
The Shining One
Beogh
Jiyva
Lugonu

Shops:
D [([?


Innate Abilities, Weirdness & Mutations

You have a pair of horns on your head.
You reflexively headbutt those who attack you in melee.


Message History

Something barely misses you.
Unknown command.
You swap places.
Your stone giant closely misses something.
Something hits your stone giant but does no damage.
Your stone giant closely misses something.
Things that are here:
a +3 glaive; a +0 scale mail Unknown command.
Your stone giant hits something!!!
Trog accepts your kill.
Trog appreciates your killing of a magic user.
Reactivating autopickup.
You feel a bit more experienced.
The ironbound thunderhulk hits your stone giant with a +0 dire flail!!
Things that are here:
a +0 dagger; a +0 robe; a human corpse Unknown command.
Your stone giant hits the ironbound thunderhulk!!!
Electricity crackles from the ironbound thunderhulk's apparatus.
The bolt of lightning hits you!!
* * * LOW HITPOINT WARNING * * *
Your stone giant hits the ironbound thunderhulk!!
The ironbound thunderhulk dies!
Trog accepts your kill. Something appears at your feet!
You see here a +7 antimagic glaive.
Trog grants you a weapon!
Your stone giant hits the ironbound thunderhulk but does no damage.
Things that are here:
a +7 antimagic glaive; a +0 scale mail Unknown command.
You feel much better.
Your stone giant hits the ironbound thunderhulk!
Electricity crackles from the ironbound thunderhulk's apparatus.
The bolt of lightning hits you!!
* * * LOW HITPOINT WARNING * * *
Your stone giant hits the ironbound thunderhulk!!!
Electricity crackles from the ironbound thunderhulk's apparatus.
The bolt of lightning hits you!!
You die...

▓▓▓▓▓▓▓▓▓▓▓▓▓▓▓▓▓▓▓▓▓▓▓▓▓▓▓
....OOC)))@))))...)........
▓▓▓▓▓▓▓▓▓▓▓▓▓▓▓▓▓▓▓▓▓▓▓▓▓▓▓▓▓▓▓▓▓
....)................)...........
▓▓♣♣♣♣♣♣♣♣♣♣▓▓▓▓▓▓▓▓▓▓▓▓▓▓▓▓▓▓▓▓▓
.'.......))').......)'.....))).')
▓▓♣♣♣♣♣♣♣♣♣♣▓▓▓▓▓▓▓▓▓▓▓▓▓▓▓▓▓▓▓▓▓
..................).[............
▓▓▓▓▓▓▓▓▓▓▓▓▓▓▓▓▓▓▓▓▓▓▓▓▓▓▓▓▓▓▓▓▓
......(..))))[')..........[[[[[[[


You could see 2 ironbound thunderhulks and a friendly stone giant (summoned,
berserk).

Vanquished Creatures
  Frances (D)
  Kirke (D)
  A sphinx (D)
  Agnes (D)
  Donald (D)
  A nagaraja (D)
  A vault warden (D)
  A spriggan defender (D)
  An ironbound preserver (D)
  3 stone giants (D)
  2 very ugly things (D)
  A vampire knight (D)
  2 bunyips (D)
  An entropy weaver (D)
  3 fire dragons (D)
  Josephine (D)
  A shambling mangrove (D)
  A great orb of eyes (D)
  A yaktaur captain (D)
  A rakshasa (D)
  2 hydras (D)
  A naga warrior (D)
  An ogre mage (D)
  2 ironbound frosthearts (D)
  3 boulder beetles (D)
  3 centaur warriors (D)
  A spriggan air mage (D)
  2 alligators (D)
  An anaconda (D)
  A deep troll shaman (D)
  6 death yaks (D)
  2 tengu warriors (D)
  A vampire mage (D)
  8 orc high priests (D)
  A hell knight (D)
  A spriggan (D)
  A skeletal warrior (D)
  3 sea snakes (D)
  A spriggan druid (D)
  3 wizards (D)
  A harpy (D)
  3 ironbound convokers (D)
  6 orc knights (D)
  2 wolf spiders (D)
  3 ugly things (D)
  A will-o-the-wisp (D)
  2 manticores (D)
  An elephant (D)
  2 merfolk sirens (D)
  A naga mage (D)
  Joseph (D)
  A water nymph (D)
  3 black mambas (D)
  3 cane toads (D)
  Psyche (D)
  A yaktaur (D)
  A demonic crawler (D)
  2 rime drakes (D)
  2 komodo dragons (D)
  2 tengu conjurers (D)
  A troll (D)
  2 jumping spiders (D)
  A polar bear (D)
  A hornet (D)
  2 blink frogs (D)
  A shadow (D)
  A yak (D)
  2 redbacks (D)
  A tarantella (D)
  Eustachio (D)
  A hog (D)
  Grum (D)
  4 wraiths (D)
  3 nagas (D)
  An acid dragon (D)
  2 water moccasins (D)
  A swamp drake (D)
  A sky beast (D)
  9 orc warriors (D)
  A centaur (D)
  3 wolves (D)
  3 bullfrogs (D)
  A scorpion (D)
  A howler monkey (D)
  2 orc priests (D)
  4 orc wizards (D)
  An adder (D)
  12 orcs (D)
  A ball python (D)
  A bat (D)
  An endoplasm (D)
  A goblin (D)
  A rat (D)
178 creatures vanquished.

Vanquished Creatures (collateral kills)
  An iron dragon (D)
  A very ugly thing (D)
  An ice dragon (D)
  An ironbound thunderhulk (D)
  A death yak (D)
  A wizard (D)
  A tengu conjurer (D)
7 creatures vanquished.

Vanquished Creatures (others)
  2 foxfires (D)
2 creatures vanquished.

Grand Total: 187 creatures vanquished

Notes
Turn   | Place    | Note
-------+----------+-------------------------------------------
     0 | D        | mhtbhm the Minotaur Berserker began the quest for the Orb.
     0 | D        | Reached XP level 1. HP: 19/19 MP: 0/0
     7 | D        | Reached ** piety under Trog
    19 | D        | Noticed a sky beast
    19 | D        | Noticed a scorpion
    19 | D        | Noticed a howler monkey
    22 | D        | Killed a howler monkey
    23 | D        | Reached XP level 2. HP: 30/30 MP: 1/1
    23 | D        | Reached XP level 3. HP: 37/37 MP: 2/2
    24 | D        | Killed a scorpion
    24 | D        | Reached *** piety under Trog
    25 | D        | Reached XP level 4. HP: 47/47 MP: 3/3
    34 | D        | Killed a sky beast
    35 | D        | Reached XP level 5. HP: 55/57 MP: 4/4
   137 | D        | Found a snail-covered altar of Cheibriados.
   137 | D        | Found a shadowy altar of Dithmenos.
   137 | D        | Found a white marble altar of Elyvilon.
   137 | D        | Found a blossoming altar of Fedhas.
   137 | D        | Found an opulent altar of Gozag.
   138 | D        | Found a hazy altar of Hepliaklqana.
   139 | D        | Found a viscous altar of Jiyva.
   140 | D        | Found an ancient bone altar of Kikubaaqudgha.
   141 | D        | Found a corrupted altar of Lugonu.
   142 | D        | Found a burning altar of Makhleb.
   143 | D        | Found a sparkling altar of Nemelex Xobeh.
   144 | D        | Found an iron altar of Okawaru.
   145 | D        | Found a stormy altar of Qazlal.
   146 | D        | Found a sacrificial altar of Ru.
   147 | D        | Found a shimmering blue altar of Sif Muna.
   148 | D        | Found a bloodstained altar of Trog.
   149 | D        | Found a hide-covered altar of Uskayaw.
   150 | D        | Found a radiant altar of Vehumet.
   151 | D        | Found an ornate altar of the Wu Jian Council.
   152 | D        | Found a shimmering altar of Xom.
   153 | D        | Found a basalt altar of Yredelemnul.
   154 | D        | Found a glowing silver altar of Zin.
   155 | D        | Found a glowing golden altar of the Shining One.
   177 | D        | Got the +2 halberd "Mikyask" {vorpal, rPois Int+4}
   215 | D        | Noticed a troll
   215 | D        | Noticed a shadow
   215 | D        | Noticed a centaur
   215 | D        | Noticed an orc warrior
   215 | D        | Noticed a komodo dragon
   215 | D        | Noticed a komodo dragon
   220 | D        | Killed a komodo dragon
   220 | D        | Reached **** piety under Trog
   221 | D        | Reached skill level 5 in Polearms
   221 | D        | Reached XP level 6. HP: 68/68 MP: 5/5
   223 | D        | Killed a komodo dragon
   224 | D        | Reached XP level 7. HP: 78/78 MP: 6/6
   230 | D        | Killed a shadow
   231 | D        | Reached XP level 8. HP: 86/86 MP: 7/7
   235 | D        | Killed a troll
   354 | D        | Noticed a centaur warrior
   354 | D        | Noticed a tengu conjurer
   354 | D        | Noticed a skeletal warrior
   354 | D        | Noticed a purple ugly thing
   354 | D        | Noticed a boulder beetle
   360 | D        | Killed a boulder beetle
   360 | D        | Reached ***** piety under Trog
   364 | D        | Killed a purple ugly thing
   365 | D        | Reached XP level 9. HP: 96/96 MP: 8/8
   370 | D        | Killed a skeletal warrior
   371 | D        | Reached skill level 15 in Fighting
   374 | D        | Killed a tengu conjurer
   376 | D        | Killed a centaur warrior
   377 | D        | Reached skill level 15 in Polearms
   633 | D        | Noticed a rime drake
   633 | D        | Noticed an eight-headed hydra
   633 | D        | Noticed a black mamba
   635 | D        | Noticed a cane toad
   637 | D        | Received a gift from Trog
   638 | D        | Reached XP level 10. HP: 107/107 MP: 9/9
   642 | D        | Killed a black mamba
   643 | D        | Noticed an elephant
   651 | D        | Killed a 16-headed hydra
   663 | D        | Killed a cane toad
   664 | D        | Reached skill level 10 in Armour
   671 | D        | Killed an elephant
   672 | D        | Reached ****** piety under Trog
   902 | D        | Noticed a cane toad
   902 | D        | Noticed a cane toad
   908 | D        | Noticed a five-headed hydra
   911 | D        | Killed a cane toad
   911 | D        | Received a gift from Trog
   923 | D        | Killed a cane toad
   924 | D        | Reached skill level 10 in Dodging
   929 | D        | Killed an eight-headed hydra
   930 | D        | Reached XP level 11. HP: 93/116 MP: 10/10
   933 | D        | Received a gift from Trog
  1213 | D        | Noticed a death yak
  1213 | D        | Noticed a death yak
  1213 | D        | Noticed a death yak
  1213 | D        | Noticed a death yak
  1213 | D        | Noticed a death yak
  1217 | D        | Noticed a death yak
  1219 | D        | Killed a death yak
  1227 | D        | Killed a death yak
  1228 | D        | Noticed a death yak
  1230 | D        | Killed a death yak
  1236 | D        | Killed a death yak
  1250 | D        | Killed a death yak
  1254 | D        | Killed a death yak
  1254 | D        | Received a gift from Trog
  1262 | D        | Killed a death yak
  1670 | D        | Noticed Josephine
  1679 | D        | Killed Josephine
  1679 | D        | Received a gift from Trog
  1680 | D        | Found the +8 glaive of the Guard {elec, spectral, AC+5}
  1804 | D        | Noticed Psyche
  1808 | D        | Killed Psyche
  1811 | D        | Noticed Grum
  1817 | D        | Killed Grum
  1829 | D        | Noticed Eustachio
  1835 | D        | Killed Eustachio
  1835 | D        | Identified the +8 halberd of Dividends {flame, rElec Will+
                  | Str-2 Dex+6} (Trog gifted it to you in the Dungeon)
  1835 | D        | Received a gift from Trog
  1876 | D        | Received a gift from Trog
  1934 | D        | Identified the +8 lajatang of Riusm {flame, rN++ MP-9}
                  | (Trog gifted it to you in the Dungeon)
  1934 | D        | Received a gift from Trog
  1942 | D        | Reached XP level 12. HP: 127/127 MP: 11/11
  1945 | D        | Received a gift from Trog
  1978 | D        | Found Jauh's Magic Scroll Boutique.
  1978 | D        | Noticed an orc high priest
  1978 | D        | Noticed an orc high priest
  1979 | D        | Noticed an orc high priest
  1983 | D        | Killed an orc high priest
  1984 | D        | Noticed an orc high priest
  1991 | D        | Noticed an orc high priest
  1997 | D        | Killed an orc high priest
  1998 | D        | Found Fagophus's Antique Armour Shop.
  2005 | D        | Killed an orc high priest
  2007 | D        | Found Minuvuom's Weapon Boutique.
  2009 | D        | Killed an orc high priest
  2012 | D        | Killed an orc high priest
  2012 | D        | Identified the +5 halberd of Agony {vorpal, *Rage rElec
                  | Str+4 SInv} (Trog gifted it to you in the Dungeon)
  2012 | D        | Received a gift from Trog
  2204 | D        | Found Weyk's Armour Shop.
  2207 | D        | Noticed an orc high priest
  2208 | D        | Noticed an orc high priest
  2209 | D        | Noticed an orc high priest
  2224 | D        | Killed an orc high priest
  2228 | D        | Killed an orc high priest
  2233 | D        | Killed an orc high priest
  2252 | D        | Bought a scroll of enchant weapon for 90 gold pieces
  2252 | D        | Bought a scroll of identify for 24 gold pieces
  2258 | D        | Bought a +1 hat for 143 gold pieces
  2264 | D        | Bought a scroll of identify for 24 gold pieces
  2264 | D        | Bought 2 scrolls of fear for 84 gold pieces
  2264 | D        | Bought a scroll of summoning for 114 gold pieces
  2264 | D        | Bought a scroll of identify for 24 gold pieces
  2264 | D        | Bought a scroll of identify for 24 gold pieces
  2264 | D        | Bought 2 scrolls of brand weapon for 480 gold pieces
  2264 | D        | Bought a scroll of fear for 42 gold pieces
  2264 | D        | Bought a scroll of identify for 24 gold pieces
  2264 | D        | Bought a scroll of fear for 42 gold pieces
  2434 | D        | Noticed Joseph
  2448 | D        | Killed Joseph
  2728 | D        | Noticed a boulder beetle
  2728 | D        | Noticed a centaur warrior
  2728 | D        | Noticed an ogre mage
  2731 | D        | Noticed a centaur warrior
  2732 | D        | Noticed a boulder beetle
  2734 | D        | Killed an ogre mage
  2734 | D        | Received a gift from Trog
  2735 | D        | Killed a centaur warrior
  2736 | D        | Reached skill level 15 in Armour
  2736 | D        | Noticed a deep troll shaman
  2738 | D        | Killed a boulder beetle
  2742 | D        | Noticed a vampire mage
  2748 | D        | Killed a centaur warrior
  2751 | D        | Killed a deep troll shaman
  2760 | D        | Noticed a red very ugly thing
  2765 | D        | Received a gift from Trog
  2766 | D        | Reached XP level 13. HP: 68/140 MP: 12/12
  2769 | D        | Noticed a fire dragon
  2773 | D        | Killed a green very ugly thing
  3096 | D        | Noticed a stone giant
  3099 | D        | Killed a fire dragon
  3104 | D        | Killed a stone giant
  3298 | D        | Noticed Donald
  3303 | D        | Killed Donald
  3303 | D        | Received a gift from Trog
  3381 | D        | Noticed a nagaraja
  3393 | D        | Killed a nagaraja
  3393 | D        | Received a gift from Trog
  3585 | D        | Received a gift from Trog
  3598 | D        | Received a gift from Trog
  3727 | D        | Noticed an entropy weaver
  3731 | D        | Reached skill level 27 in Polearms
  3732 | D        | Received a gift from Trog
  3737 | D        | Killed an entropy weaver
  3793 | D        | Noticed a bunyip
  3797 | D        | Received a gift from Trog
  3799 | D        | Noticed a bunyip
  3801 | D        | Reached XP level 14. HP: 157/157 MP: 13/13
  3811 | D        | Received a gift from Trog
  4061 | D        | Noticed Frances
  4072 | D        | Killed Frances
  4223 | D        | Noticed Agnes
  4230 | D        | Killed Agnes
  4387 | D        | Noticed Kirke
  4484 | D        | Killed Kirke
  4484 | D        | Received a gift from Trog
  4656 | D        | Noticed a spriggan defender
  4656 | D        | Noticed a sphinx
  4656 | D        | Noticed a stone giant
  4665 | D        | Noticed a vampire knight
  4667 | D        | Killed a stone giant
  4670 | D        | Killed a vampire knight
  4670 | D        | Received a gift from Trog
  4675 | D        | Killed a sphinx
  4677 | D        | Killed a spriggan defender
  4677 | D        | Noticed a stone giant
  4682 | D        | Noticed an iron dragon
  4684 | D        | Killed a stone giant
  4684 | D        | Noticed a cyan very ugly thing
  4745 | D        | Killed an iron dragon
  4748 | D        | Killed a cyan very ugly thing
  4751 | D        | Received a gift from Trog
  5256 | D        | Noticed an ironbound preserver
  5256 | D        | Noticed a vault warden
  5260 | D        | Received a gift from Trog
  5262 | D        | Killed a vault warden
  5268 | D        | Killed an ironbound preserver
  5269 | D        | Reached skill level 27 in Fighting
  5271 | D        | Received a gift from Trog
  5277 | D        | Reached skill level 15 in Dodging
  5277 | D        | Noticed a red very ugly thing
  5281 | D        | Received a gift from Trog
  5286 | D        | Reached XP level 15. HP: 69/174 MP: 14/14
  5294 | D        | Received a gift from Trog
  5295 | D        | HP: 6/174 [ironbound thunderhulk/bolt of lightning (35)]
  5295 | D        | Killed from afar by an ironbound thunderhulk

Illustrated notes

Levels and vault maps discovered:
D:        linesprint [early_d, line_temple, items_1, d_10, items_2, lair_1,
          lair_end, items_3, orc_1, orc_end, items_4, d_15, swamp_1, shoals_1,
          snake_1, spider_1, d_20, vaults_1, items_5, swamp_end, shoals_end,
          snake_end, spider_end, vaults_end, d_27, items_6, zot_1, zot_end,
          crypt_end, forest_end, elf_end, slime_end, tomb_end, abyss_end,
          pan_hell_end]

Skill      XL: |  1  2  3  4  5  6  7  8  9 10 11 12 13 14 15 |
---------------+----------------------------------------------+-----
Fighting       | 6 7 9 11 12 13 14 15 16 18 20 23 27 | 27.0
Maces & Flails | 6 7 9 |  9.6
Armour         | 3 4 6 7 8 9 11 13 15 17 20 21 | 21.0
Dodging        | 3 4 6 7 8 9 10 11 12 15 16 | 16.1
Polearms       | 5 7 8 13 15 19 21 24 27 | 27.0

Action                   |  1- 3 |  4- 6 |  7- 9 | 10-12 | 13-15 || total
-------------------------+-------+-------+-------+-------+-------++-------
Melee: Mace              |    10 |     9 |       |       |       ||    19
       Headbutt          |     2 |     3 |     9 |    36 |    26 ||    76
       Halberd           |       |     7 |    38 |   133 |       ||   178
       Glaive            |       |       |       |   109 |   149 ||   258
Invok: Berserk           |     1 |     1 |     2 |     7 |     7 ||    18
       Brothers in Arms  |       |       |       |     1 |     2 ||     3
       Trog's Hand       |       |       |       |       |     1 ||     1
  Use: Potion            |       |       |       |     2 |     2 ||     4
       Scroll            |       |       |       |       |     1 ||     1
 Stab: Distracted        |       |       |       |       |     2 ||     2
Armor: Chain mail        |       |     3 |     9 |    50 |       ||    62
       Swamp dragon scal |       |       |       |    14 |    30 ||    44
Dodge: Dodged            |     4 |     4 |    11 |    75 |    68 ||   162

Table legend: (Time is in decaauts)
 A = Elapsed time spent in this place.
 B = Non-inter-level travel time spent in this place.
 C = Inter-level travel time spent in this place.
 D = Time resting spent in this place.
 E = Time spent auto-exploring this place.
 F = Levels seen in this place.
 G = Mean time per level.
                   A        B        C        D        E       F      G
               +--------+--------+--------+--------+--------+-----+--------+
         Total |   5335 |   5335 |      0 |   2786 |   1294 |   1 | 5335.0 |
       Dungeon |   5335 |   5335 |      0 |   2786 |   1294 |   1 | 5335.0 |
               +--------+--------+--------+--------+--------+-----+--------+

Top non-repeatable levels by time:
       D: 5335 daAuts
